 Dungeon Crawl Stone Soup version 0.21-a0-142-gdd972a7 (webtiles) character file.

513 Cecillian the Bolt Thrower (level 7, -2/44 HPs)
             Began as a Kobold Hunter on July 22, 2017.
             Slain by a gnoll
             ... wielding a +0 halberd
              (8 damage)
             ... on level 4 of the Dungeon on July 23, 2017.
             The game lasted 00:10:24 (5593 turns).

Cecillian the Bolt Thrower (Kobold Hunter)          Turns: 5593, Time: 00:10:25

Health: -2/44      AC:  4    Str: 16    XL:     7   Next: 43%
Magic:  7/7        EV: 23    Int: 16    God:
Gold:   300        SH:  5    Dex: 21    Spells: 5/6 levels left

rFire    . . .     SeeInvis .   h - +0 short sword
rCold    . . .     Gourm    .   s - +0 buckler
rNeg     . . .     Faith    +   c - +0 leather armour
rPois    .         Spirit   .   j - +0 helmet
rElec    .         Reflect  .   (no cloak)
rCorr    .         Harm     .   (no gloves)
MR       .....                  (no boots)
Stlth    +.........             g - amulet of faith
HPRegen  0.14/turn              k - +4 ring of intelligence
MPRegen  0.10/turn              (no ring)

@: mighty, agile, glowing
A: carnivore 3
a: no special abilities


You were on level 4 of the Dungeon.
You were very full.

You visited 1 branch of the dungeon, and saw 4 of its levels.

You collected 300 gold pieces.

Inventory:

Hand Weapons
 a - a +2 hand crossbow
 h - a +0 short sword (weapon)
 v - a +0 blowgun
 z - a +0 rapier
Missiles
 d - 21 bolts
 n - 45 poisoned needles
 o - 6 sling bullets
 q - 162 stones (quivered)
Armour
 c - a +0 leather armour (worn)
 e - a +0 ring mail
 j - a +0 helmet (worn)
 s - a +0 buckler (worn)
Jewellery
 g - an amulet of faith (around neck)
 k - a +4 ring of intelligence (left hand)
Scrolls
 t - 4 scrolls of remove curse
 w - 2 scrolls of amnesia
Potions
 i - 3 potions of curing
 m - 6 potions of flight
 u - 3 potions of brilliance
Books
 y - a book of Cantrips

   Spells                             Type                      Level
   a - Confusing Touch                Hexes                        1
   b - Animate Skeleton               Necromancy                   1
   c - Summon Small Mammal            Summoning                    1
   d - Apportation                    Translocation                1
Comestibles
 f - 4 meat rations
 l - 2 royal jellies


   Skills:
 + Level 4.9 Fighting
 + Level 6.9 Crossbows
 + Level 5.9 Dodging
 - Level 1.3 Stealth


You had 5 spell levels left.
You knew the following spells:

 Your Spells              Type           Power        Failure   Level  Hunger
d - Animate Skeleton      Necr           N/A          45%         1    ##.....


Dungeon Overview and Level Annotations

Branches:
Dungeon (4/15)
 Temple: D:4-7

Altars:
Ashenzari
Dithmenos
Gozag
Ru
Trog


Innate Abilities, Weirdness & Mutations

You are small and have problems with some larger weapons.
You are carnivorous and can eat meat at any time.


Message History

The gnoll is almost dead.
The gnoll misses you. The gnoll closely misses you.
You block the gnoll's attack.
You barely miss the gnoll.
The gnoll is almost dead.
The gnoll hits you but does no damage. The gnoll misses you. x2
You block the gnoll's attack.
You hit the gnoll.
You kill the gnoll!
The gnoll hits you with a spear!
* * * LOW HITPOINT WARNING * * *
The gnoll misses you. The gnoll hits you with a spear.
* * * LOW HITPOINT WARNING * * *
The gnoll misses you.
You see here a spear.
Unknown command.
You hit the gnoll.
The gnoll is moderately wounded.
You block the gnoll's attack. The gnoll hits you with a halberd!
You die...

### #.#### #....# ##...# ## ##..#
#####. #..# #..... #..# ####.####
#))# ##......#. #g@# ##.....#.#.
#.g# ##......#.#. #..#
##.......#.#. #..# ##........#.#.
### #..# #.........#.#.
.)#############..###.........#.#.
.............#...##..........#...
##...............#...........####
#####............................


You could see 2 gnolls.

Vanquished Creatures
  An ogre (D:4)
  A phantom (D:4)
  A scorpion (D:4)
  A howler monkey (D:4)
  A gnoll shaman (D:4)
  2 worker ants (D:4)
  Robin (D:2)
  4 gnolls (D:4)
  3 adders
  2 oozes (D:3)
  2 worms
  3 dart slugs (D:2)
  3 leopard geckos
  3 orcs
  A ball python (D:2)
  2 giant cockroaches
  15 goblins
  11 hobgoblins
  4 jackals (D:3)
  A quokka (D:3)
  8 bats
  4 frilled lizards
  8 kobolds
  4 rats
86 creatures vanquished.

Notes
Turn   | Place    | Note
-------+----------+-------------------------------------------
     0 | D:1      | Cecillian the Kobold Hunter began the quest for the Orb.
     0 | D:1      | Reached XP level 1. HP: 12/12 MP: 1/1
   555 | D:1      | Reached skill level 5 in Crossbows
   666 | D:1      | Reached XP level 2. HP: 17/18 MP: 2/2
  1283 | D:2      | Reached XP level 3. HP: 12/22 MP: 3/3
  1661 | D:2      | Noticed Robin
  1906 | D:2      | Found a shattered altar of Ashenzari.
  1907 | D:2      | Found a shadowy altar of Dithmenos.
  2249 | D:2      | Reached XP level 4. HP: 24/28 MP: 4/4
  2269 | D:2      | Found an opulent altar of Gozag.
  2460 | D:2      | Killed Robin
  2889 | D:3      | Found a sacrificial altar of Ru.
  3309 | D:3      | Reached XP level 5. HP: 30/32 MP: 5/5
  3979 | D:4      | Noticed a phantom
  4009 | D:4      | Killed a phantom
  4009 | D:4      | Reached skill level 6 in Crossbows
  4009 | D:4      | Reached XP level 6. HP: 27/38 MP: 6/6
  4145 | D:4      | Reached skill level 5 in Dodging
  4628 | D:4      | Learned a level 1 spell: Animate Skeleton
  4727 | D:4      | Found a bloodstained altar of Trog.
  5478 | D:4      | Noticed an ogre
  5482 | D:4      | Killed an ogre
  5482 | D:4      | Reached XP level 7. HP: 44/44 MP: 7/7
  5593 | D:4      | Slain by a gnoll

Vault maps used:
D:1:      lightli_arrival_statuegarden
D:2:      nicolae_overflow_hidden_temple, lemuel_coloured_pillars_altar,
          minmay_misc_feat_alley, uniq_robin
D:3:      nicolae_overflow_crystal_walls, st_stairs_14
D:4:      minivault_27, lemuel_statue_altar

Skill      XL: |  1  2  3  4  5  6 |
---------------+-------------------+-----
Crossbows      | 5 6 |  6.9
Dodging        | 3 4 5 |  5.9
Fighting       | 3 4 |  4.9
Stealth        | |  1.3

Action                   |  1- 3 |  4- 6 |  7- 9 || total
-------------------------+-------+-------+-------++-------
Melee: Short sword       |   133 |   246 |    38 ||   417
 Fire: Hand crossbow     |       |    37 |     3 ||    40
Throw: Stone             |       |       |     1 ||     1
  Use: Scroll            |     2 |     8 |     1 ||    11
       Potion            |       |     2 |     3 ||     5
 Stab: Sleeping          |     2 |     4 |       ||     6
       Distracted        |       |     1 |       ||     1
  Eat: Chunk             |    12 |     8 |     2 ||    22
Armor: Leather armour    |    32 |    41 |     5 ||    78
Dodge: Dodged            |   116 |   209 |    73 ||   398
Block: Buckler           |       |    35 |    19 ||    54
